 Dungeon Crawl Stone Soup version 0.29-a0-82-g837932c90e (webtiles) character file.

Game seed: 7882158031190019286

3035 HallandMoats the Combatant (level 9, -10/72 HPs)
             Began as a Demonspawn Fighter on Feb 5, 2022.
             Was a Follower of Okawaru.
             Killed from afar by a gargoyle (17 damage)
             ... with a stone arrow
             ... in a bailey.
             The game lasted 00:11:17 (10720 turns).

HallandMoats the Combatant (Demonspawn Fighter)    Turns: 10720, Time: 00:11:18

Health: -10/72     AC: 11    Str: 21    XL:     9   Next: 56%
Magic:  15/15      EV: 13    Int: 15    God:    Okawaru [*.....]
Gold:   340        SH:  7    Dex: 13    Spells: 8/8 levels left

rFire   . . .      SeeInvis +   b - +1 war axe (venom)
rCold   . . .      Faith    .   c - +1 buckler
rNeg    + . .      Spirit   .   A - +1 scale mail {rN+}
rPois   .          Reflect  .   (helmet restricted)
rElec   .          Harm     .   o - +0 cloak
rCorr   .          Rampage  .   (no gloves)
Will    +....                   (no boots)
Stlth   +.........              (no amulet)
HPRegen 0.22/turn               w - ring of willpower
MPRegen 0.14/turn               y - ring of see invisible

@: mighty, heroic
A: antennae 2, (demonic guardian 2), big brain 3
a: Renounce Religion, Heroism


You were in a bailey.
You worshipped Okawaru.
Okawaru was aware of your devotion.
You visited 2 branches of the dungeon, and saw 9 of its levels.
You also visited: Bailey.

You collected 340 gold pieces.

Inventory:

Hand Weapons
 a - a +0 trident
 b - a +1 war axe of venom (weapon)
Armour
 c - a +1 buckler (worn)
 o - a +0 cloak (worn)
 s - a scarf of resistance
 z - an orb of light
 A - a +1 scale mail of positive energy (worn)
Jewellery
 w - a ring of willpower (left hand)
 y - a ring of see invisible (right hand)
Wands
 g - a wand of digging (6)
 h - a wand of flame (51)
 i - a wand of iceblast (5)
 x - a wand of paralysis (6)
Scrolls
 f - 2 scrolls of teleportation
 m - a scroll of vulnerability {unknown}
 n - a scroll of enchant weapon {unknown}
 r - a scroll of enchant armour
Potions
 d - a potion of curing {unknown}
 e - a potion of cancellation {unknown}
 j - a potion of attraction {unknown}
 k - a potion of magic {unknown}
 l - 2 potions of invisibility {unknown}
 p - a potion of ambrosia
 q - a potion of brilliance {unknown}
 t - a potion of heal wounds {unknown}
 u - a potion of flight {unknown}


   Skills:
 * Level 7.1(12.1) Fighting
 * Level 3.1(9.4) Axes
 - Level 4.8(10.3) Polearms
 + Level 4.9(9.9) Armour
 + Level 3.7(8.7) Dodging
 + Level 4.8(9.8) Shields
 * Level 8.1 Invocations


You had 8 spell levels left.
You didn't know any spells.
Your spell library contained the following spells:

 Spells                   Type           Power      Damage    Failure   Level
 Dazzling Flash           Conj/Hex       0%         N/A       63%         3
 Gell's Gravitas          Tloc           0%         N/A       63%         3
 Lesser Beckoning         Tloc           0%         N/A       63%         3
 Teleport Other           Tloc           0%         N/A       63%         3
 Iskenderun's Mystic Bla  Conj/Tloc      0%         2d3       95%         4
 Fireball                 Conj/Fire      0%         3d3       100%        5
 Starburst                Conj/Fire      0%         6d3       100%        6
 Ignition                 Fire           0%         3d3       100%        8


Dungeon Overview and Level Annotations

Branches:
Dungeon (8/15)             Temple (1/1) D:7          Bailey (1/1)
   Lair: D:8-11

Altars:
Ashenzari
Cheibriados
Dithmenos
Elyvilon
Fedhas
Gozag
Hepliaklqana
Kikubaaqudgha
Makhleb
Nemelex Xobeh
Okawaru
Qazlal
Ru
Sif Muna
Trog
Uskayaw
Vehumet
Wu Jian
Xom
Yredelemnul
Zin
The Shining One
Beogh

Shops:
D:2 *


Innate Abilities, Weirdness & Mutations

You have a pair of antennae on your head.
((A demonic guardian rushes to your aid.))
You have an absolutely massive brain. (Int +6, Wiz)


Message History

The gargoyle is moderately damaged.
The gargoyle hurls a stone arrow at you.
The stone arrow hits you!
You barely miss the gargoyle.
The gargoyle is moderately damaged.
The gargoyle hurls a stone arrow at you.
You block the stone arrow.
You hit the gargoyle but do no damage.
The gargoyle is moderately damaged.
The gargoyle completely misses you.
You hit the gargoyle but do no damage.
The gargoyle is moderately damaged.
The gargoyle misses you.
You hit the gargoyle but do no damage.
The gargoyle is moderately damaged.
The gargoyle hurls a stone arrow at you.
The stone arrow hits you!
You closely miss the gargoyle.
The gargoyle is moderately damaged.
The gargoyle hits you with a +1 vorpal morningstar!
You feel very mighty all of a sudden.
The gargoyle hits you with a +1 vorpal morningstar!
* * * LOW HITPOINT WARNING * * *
x2 You slash the gargoyle!
The gargoyle is severely damaged.
The gargoyle hurls a stone arrow at you.
The stone arrow hits you.
* * * LOW HITPOINT WARNING * * *
You hit the gargoyle.
The gargoyle is almost destroyed.
The gargoyle hits you with a +1 vorpal morningstar.
* * * LOW HITPOINT WARNING * * *
x2 You hit the gargoyle but do no damage.
The gargoyle is almost destroyed.
You block the gargoyle's attack.
You hit the gargoyle but do no damage.
The gargoyle is almost destroyed.
The gargoyle hurls a stone arrow at you.
The stone arrow hits you!
You die...

#######......#
#..'..+......+ {
..{#.)###''########
...#ZZ..#.....8#.8#
...#....#......#..#
...######).....#..#
..........##...#..#
.........##....#9.#
...♣.....#....##@.#
........##..)##...#
....♣.♣. ##.))...8#
........ ##....###
.♣..♣.. {#...##
....... #..##
....... #..#
.....♣♣ #..+ #+##..
#..+


You could see a gargoyle.

Vanquished Creatures
  A hornet (D:7)
  Grinder (D:5)
  Sigmund (D:4)
  Duvessa (D:7)
  A black bear (D:5)
  2 necrophages
  2 ogres
  A phantom (D:5)
  2 kobold brigands (D:7)
  Blork the orc (D:5)
  A bullfrog (D:6)
  2 scorpions
  Dowan (D:7)
  7 vampire bats (Bailey)
  A howler monkey (D:8)
  4 wolf zombies (Bailey)
  A lava snake (D:7)
  A centaur zombie (D:6)
  2 jellies (D:7)
  4 hounds
  Crazy Yiuf (D:2)
  3 bullfrog skeletons
  A gnoll shaman (D:8)
  3 orc wizards
  Natasha (twice) (D:2)
  A killer bee zombie (D:5)
  A hound zombie (D:5)
  8 gnolls
  An adder (D:2)
  2 white imps
  An ufetubus (D:5)
  2 worms (D:2)
  A dart slug (D:1)
  11 orcs
  3 ball pythons
  5 bats
  9 endoplasms
  A giant cockroach (D:1)
  10 goblins
  2 hobgoblins
  3 jackals (D:5)
  4 frilled lizards
  9 kobolds
  12 orc zombies (Bailey)
  3 rats
136 creatures vanquished.

Vanquished Creatures (collateral kills)
  A steam dragon (D:6)
  A scorpion (D:4)
  A bullfrog zombie (D:6)
  An adder (D:3)
4 creatures vanquished.

Grand Total: 140 creatures vanquished

Notes
Turn   | Place    | Note
-------+----------+-------------------------------------------
     0 | D:1      | HallandMoats the Demonspawn Fighter began the quest for the
                  | Orb.
     0 | D:1      | Reached XP level 1. HP: 18/18 MP: 1/1
   409 | D:1      | Gained mutation: You have an unusually large brain. (Int
                  | +2) [demonic ancestry]
   409 | D:1      | Reached XP level 2. HP: 10/24 MP: 2/2
   412 | D:1      | Reached skill level 1 in Invocations
   760 | D:1      | Found a faded altar of an unknown god.
  1180 | D:2      | Noticed Natasha
  1184 | D:2      | Killed Natasha
  1185 | D:2      | Gained mutation: A weak demonic guardian rushes to your
                  | aid. [demonic ancestry]
  1185 | D:2      | Reached XP level 3. HP: 29/29 MP: 4/4
  1240 | D:2      | Noticed Natasha
  1249 | D:2      | Killed Natasha
  1250 | D:2      | Reached skill level 2 in Invocations
  1250 | D:2      | Gained mutation: You have an extremely huge brain. (Int +4)
                  | [demonic ancestry]
  1250 | D:2      | Reached XP level 4. HP: 34/35 MP: 5/5
  1557 | D:2      | Found Qaefic's Assorted Antiques.
  1708 | D:2      | Found a runed translucent door.
  1709 | D:2      | Noticed Crazy Yiuf
  1717 | D:2      | Killed Crazy Yiuf
  1718 | D:2      | Reached skill level 1 in Dodging
  2173 | D:3      | Gained mutation: You have a pair of small antennae on your
                  | head. [demonic ancestry]
  2173 | D:3      | Reached XP level 5. HP: 34/42 MP: 5/7
  2355 | D:3      | You fall into a shaft and drop 2 floors!
  2355 | D:5      | Entered Level 5 of the Dungeon
  2370 | D:5      | Noticed a necrophage
  2377 | D:5      | Reached skill level 3 in Invocations
  2385 | D:5      | Killed a necrophage
  2386 | D:5      | Gained mutation: You have an absolutely massive brain. (Int
                  | +6, Wiz) [demonic ancestry]
  2386 | D:5      | Reached XP level 6. HP: 41/48 MP: 8/8
  2643 | D:5      | Reached skill level 4 in Invocations
  2769 | D:5      | Gained mutation: A demonic guardian rushes to your aid.
                  | [demonic ancestry]
  2769 | D:5      | Reached XP level 7. HP: 7/55 MP: 10/10
  2774 | D:5      | HP: 2/55 [poisoned by a scorpion]
  3774 | D:4      | Noticed Sigmund
  3820 | D:4      | Reached skill level 5 in Fighting
  4765 | D:4      | Killed Sigmund
  4766 | D:4      | Reached skill level 5 in Invocations
  5360 | D:5      | Noticed Grinder
  5360 | D:5      | Paralysed by Grinder for 7 turns
  5392 | D:5      | Killed Grinder
  5393 | D:5      | Reached XP level 8. HP: 20/63 MP: 12/12
  5629 | D:5      | Noticed Blork the orc
  5983 | D:5      | Killed Blork the orc
  6333 | D:5      | Reached skill level 6 in Invocations
  6479 | D:6      | Found a basalt altar of Yredelemnul.
  7267 | D:7      | Reached skill level 1 in Axes
  7620 | D:7      | Noticed a hornet
  7636 | D:7      | Paralysed by a hornet for 2 turns
  7639 | D:7      | Paralysed by a hornet for 1 turns
  7640 | D:7      | Killed a hornet
  7641 | D:7      | Reached skill level 7 in Invocations
  7641 | D:7      | Gained mutation: You have a pair of antennae on your head.
                  | [demonic ancestry]
  7641 | D:7      | Reached XP level 9. HP: 26/71 MP: 14/14
  8233 | D:7      | Found a staircase to the Ecumenical Temple.
  8257 | D:7      | Noticed Dowan
  8264 | Temple   | Entered the Ecumenical Temple
  8483 | Temple   | Became a worshipper of Warmaster Okawaru
  8528 | D:7      | Killed Dowan
  8537 | D:7      | Noticed Duvessa
  8557 | D:7      | Killed Duvessa
  9673 | D:8      | Found a flagged portal.
  9685 | Bailey   | Entered a bailey
 10636 | Bailey   | Reached skill level 8 in Invocations
 10639 | Bailey   | Reached * piety under Okawaru
 10703 | Bailey   | Noticed a gargoyle
 10720 | Bailey   | Killed from afar by a gargoyle

Illustrated notes

Levels and vault maps discovered:
D:1:      minmay_arrival_loop, layout_rooms,
          hellmonk_ecumenical_altar_defaced_shrine, minmay_tetromino_i2
D:2:      layout_rooms, serial_shops, shop, uniq_crazy_yiuf_cottage,
          uniq_natasha
D:3:      layout_loops_ring
D:4:      layout_loops_ring, uniq_sigmund
D:5:      layout_loops_ring, uniq_blork_the_orc, uniq_grinder
D:6:      layout_cave_pools, mainiacjoe_overflow_small_starburst
D:7:      layout_loops_corners, minmay_temple_entry_sparse_star,
          kennysheep_opposing_triangles, uniq_duvessa
D:8:      layout_loops_ring, gammafunk_ghost_hydra_chop, enter_bailey_3
Temple:   mainiacjoe_temple_archimedes_tessellation
Bailey:   bailey_polearm_vampire_castle_hellmonk, bailey

Skill      XL: |  1  2  3  4  5  6  7  8  9 |
---------------+----------------------------+-----
Polearms       | 2 3 4 |  4.8
Invocations    | 1 2 3 4 5 7 8 |  8.1
Armour         | 3 4 |  4.9
Dodging        | 1 2 3 |  3.7
Shields        | 3 4 |  4.8
Fighting       | 4 5 6 7 |  7.1
Axes           | 1 3 |  3.1

Action                   |  1- 3 |  4- 6 |  7- 9 || total
-------------------------+-------+-------+-------++-------
Melee: Trident           |    81 |   122 |   162 ||   365
       War axe           |       |       |   213 ||   213
Invok: Heroism           |       |       |     1 ||     1
Evoke: Wand              |       |       |     2 ||     2
  Use: Potion            |       |     1 |     4 ||     5
       Scroll            |       |       |     9 ||     9
 Stab: Distracted        |       |     1 |       ||     1
Armor: Scale mail        |    34 |    48 |   168 ||   250
       Skin              |       |       |     9 ||     9
Dodge: Dodged            |    29 |    45 |   220 ||   294
Block: Buckler           |    13 |    17 |   131 ||   161

Table legend: (Time is in decaauts)
 A = Elapsed time spent in this place.
 B = Non-inter-level travel time spent in this place.
 C = Inter-level travel time spent in this place.
 D = Time resting spent in this place.
 E = Time spent auto-exploring this place.
 F = Levels seen in this place.
 G = Mean time per level.
                   A        B        C        D        E       F      G
               +--------+--------+--------+--------+--------+-----+--------+
         Total |  10871 |  10529 |    342 |   2661 |   6477 |  10 | 1087.1 |
       Dungeon |   9550 |   9265 |    285 |   2184 |   5900 |   8 | 1193.8 |
        Temple |    258 |    201 |     57 |      0 |    183 |   1 |  258.0 |
        Bailey |   1061 |   1061 |      0 |    477 |    394 |   1 | 1061.0 |
               +--------+--------+--------+--------+--------+-----+--------+

Top non-repeatable levels by time:
     D:5: 2265 daAuts
     D:7: 2070 daAuts
     D:4: 1508 daAuts
  Bailey: 1061 daAuts
     D:2: 1039 daAuts
     D:1: 941 daAuts
     D:3: 802 daAuts
     D:6: 722 daAuts
  Temple: 258 daAuts
     D:8: 199 daAuts
